 Dungeon Crawl Stone Soup version 0.31.0-1-g2c135a008e (webtiles) character file.

Game seed: 13972866941204595205

53 qw the Shooter (level 4, -1/35 HPs)
             Began as a Djinni Hunter on Jan 23, 2024.
             Slain by an orc
             ... wielding a +0 hand axe
              (2 damage)
             ... on level 2 of the Dungeon.
             The game lasted 00:00:04 (1343 turns).

qw the Shooter (Djinni Hunter)                      Turns: 1343, Time: 00:00:05

Health: -1/35      AC:  3    Str: 10    XL:     4   Next: 10%
Gold:   21         EV: 12    Int: 10    God:
                   SH:  0    Dex: 19

rFire   + + .        a - +0 shortbow
rCold   x . .        (shield currently unavailable)
rNeg    . . .        c - +0 leather armour
rPois   inf          (no helmet)
rElec   .            (no cloak)
rCorr   .            (no gloves)
SInv    .            (boots unavailable)
Will    .....        (no amulet)
Stlth   +            (no ring)
HPRegen 0.25/turn    (no ring)
MPRegen 0.00/turn

%: infuse magic (-2 HP)
@: confused, about to teleport, flying
A: sickness immunity, fire resistance 2, cold vulnerability 1, float, innate
caster, HP casting, extra vitality 1
a: no special abilities


You were on level 2 of the Dungeon.
You visited 1 branch of the dungeon, and saw 2 of its levels.

You collected 77 gold pieces.
You spent 56 gold pieces at shops.


Innate Abilities, Weirdness & Mutations

You are immune to sickness and miasma.
You are immune to poison.
Your flesh is very heat resistant. (rF++)
You are vulnerable to cold. (rC-)
You float through the air rather than walking.
You learn spells naturally, not from books.
Your magical power is your life essence.
You have superior vitality. (+4 MHP)


   Skills:
 - Level 3.0 Fighting
 - Level 4.0 Ranged Weapons
 + Level 2.3 Dodging
 - Level 0.7 Stealth


You knew the following spells:

 Your Spells              Type           Power      Damage    Failure   Level
a - Magic Dart            Conj           0%         1d3       45%         1
Your spell library was empty.

Inventory:

Hand Weapons
 a - a +0 shortbow (weapon)
Armour
 c - a +0 leather armour (worn)
 h - a +0 ring mail
Scrolls
 b - a scroll of poison {unknown}
 d - a scroll of teleportation
 e - a scroll of blinking {unknown}
 g - 2 scrolls of identify
Potions
 f - a potion of ambrosia

Dungeon Overview and Level Annotations

Branches:
Dungeon (2/15)

Altars:

Shops:
D:2 ?


Message History

The orc shouts!
An orc comes into view. It is wielding a +0 dagger.
You feel less invigorated. Something hits you.
You shoot an arrow. Something hits you.
An orc comes into view. It is wielding a +0 hand axe.
Something hits you. The orc hits you with a +0 club.
You feel less confused.
You shoot an arrow.
The arrow hits the orc but does no damage.
The orc hits you with a +0 club.
You shoot an arrow. The arrow hits the orc.
The orc is lightly wounded.
The orc closely misses you. Something hits you.
A hobgoblin comes into view.
Something hits you. The orc hits you but does no damage.
You shoot an arrow. The hobgoblin shouts!
The arrow hits the orc.
The orc is moderately wounded.
The orc hits you with a +0 club.
You hear some strange, mumbled words.
A puff of flame appears from out of thin air!
The puff of flame hits you. You resist.
You shoot an arrow. The arrow hits the orc.
The orc is heavily wounded.
The orc hits you with a +0 club. Something hits you.
The orc hits you with a +0 dagger.
1341 ||| READING 2 scrolls of teleportation.
As you read the scroll of teleportation, it crumbles to dust.
You feel strangely unstable. The orc closely misses you. The orc misses you.
You hear some strange, mumbled words.
You are confused.
The orc barely misses you. The orc hits you with a +0 hand axe.
The orc hits you but does no damage. Something hits you.
The orc hits you with a +0 dagger. The orc closely misses you.
The orc hits you with a +0 hand axe.
You die...

.##.......# .##.......# ..
###.......# .### ###.......#
... .##.......# ..##
.##.......# ...# .##.......#
)..##.#
###.......#######{.....#
................@o.g>...
####.#####.#.###oo##.##.
..##.# #.#?# ...# #.##.#
#.#.#....# #.##.# #.#.#....#
#.%..#####.#.#'#.###.#
#######....#...... ...
#######.####..%..###.#######
.....##.#..#...... .....#..


You could see 3 orcs and a hobgoblin.

Vanquished Creatures
  An adder (D:2)
  An orc (D:2)
  6 ball pythons
  6 endoplasms
  2 giant cockroaches (D:2)
  2 goblins (D:1)
  9 jackals
  3 kobolds (D:1)
  3 bats
  3 frilled lizards
  2 rats (D:1)
38 creatures vanquished.

Notes
Turn   | Place    | Note
-------+----------+-------------------------------------------
     0 | D:1      | qw the Djinni Hunter began the quest for the Orb.
     0 | D:1      | Reached XP level 1. HP: 18/18 MP: 0/0
     0 | D:1      | 0 ||| qw: Version: 0.3-a-134-g2ba4250
     0 | D:1      | 0 ||| qw: Game counter: 671
     0 | D:1      | 0 ||| qw: Melee chars always use a shield: true
     0 | D:1      | 0 ||| qw: God list: Okawaru
     0 | D:1      | 0 ||| qw: Allow faded altars: false
     0 | D:1      | 0 ||| qw: Do Orc after clearing Dungeon:15 true
     0 | D:1      | 0 ||| qw: Do second Lair branch before Depths: true
     0 | D:1      | 0 ||| qw: Lair rune preference: random
     0 | D:1      | 0 ||| qw: Goals: Normal
     0 | D:1      | 0 ||| PLANNING D:1-11
   160 | D:1      | Reached XP level 2. HP: 23/23 MP: 0/0
   628 | D:1      | 628 ||| READING 2 scrolls labelled ZASTRE YSUED.
   633 | D:1      | 633 ||| READING scroll labelled FOG IBIBBY.
   674 | D:1      | 674 ||| READING scroll labelled ZYDWUU UQEMOUGEGU.
   775 | D:1      | 775 ||| READING scroll labelled YSULUF TONE.
   776 | D:1      | 776 ||| READING scroll labelled GALIFE XIRR.
   776 | D:1      | 776 ||| IDENTIFYING purple potion
   777 | D:1      | 777 ||| DROPPING scroll of butterflies.
   778 | D:1      | 778 ||| DROPPING potion of magic.
   823 | D:2      | Reached XP level 3. HP: 28/28 MP: 0/0
   823 | D:2      | Learned a level 1 spell: Magic Dart
   837 | D:2      | Reached skill level 4 in Ranged Weapons
   977 | D:2      | Found Ifaamm's Magic Scroll Boutique.
   984 | D:2      | 984 ||| BUYING scroll of identify (28 gold).
   984 | D:2      | Bought a scroll of identify for 28 gold pieces
   984 | D:2      | 984 ||| BUYING scroll of identify (28 gold).
   984 | D:2      | Bought a scroll of identify for 28 gold pieces
   984 | D:2      | 984 ||| SHOPLISTING scroll of teleportation (42 gold, have
                  | 4).
  1236 | D:2      | Reached XP level 4. HP: 31/34 MP: 0/0
  1242 | D:2      | Reached skill level 3 in Fighting
  1328 | D:2      | 1328 ||| DRINKING 2 fuming brown potions.
  1340 | D:2      | HP: 7/35 [orc/+0 club (3)]
  1341 | D:2      | 1341 ||| READING 2 scrolls of teleportation.
  1342 | D:2      | HP: 2/35 [something (2)]
  1343 | D:2      | Slain by an orc

Levels and vault maps discovered:
D:1:      ncdulo_lavacross, layout_loops_ring
D:2:      layout_basic, serial_shops, nicolae_shop_competitors_out_of_business,
          minmay_hexomino_r4

Skill      XL: |  1  2  3  4 |
---------------+-------------+-----
Ranged Weapons | 4 |  4.0
Fighting       | 3 |  3.0
Dodging        | |  2.3
Stealth        | |  0.7

Action                     |  1- 3 |  4- 6 || total
---------------------------+-------+-------++-------
   Fire: Shortbow          |    87 |    19 ||   106
    Use: Scroll            |     5 |     1 ||     6
         Potion            |       |     1 ||     1
 Armour: Leather armour    |    22 |    22 ||    44
  Dodge: Dodged            |    26 |     7 ||    33

Table legend:
 A = Non-vault XP
 B = Vault XP
 C = Vault XP percentage of total XP
 D = Non-vault monster count
 E = Vault monster count
 F = Vault count percentage of total count
                 A         B        C        D         E       F
            +---------+---------+-------+---------+---------+-------
      Total |      74 |       2 |   2.6 |      37 |       1 |   2.6
            +---------+---------+-------+---------+---------+-------
        D:1 |      26 |       0 |   0.0 |      17 |       0 |   0.0
        D:2 |      48 |       2 |   4.0 |      20 |       1 |   4.8
            +---------+---------+-------+---------+---------+-------
